 Dungeon Crawl Stone Soup version 0.31-a0-221-gbddc013574 (webtiles) character file.

Game seed: 12251689599703997933

44 qw the Shooter (level 3, -6/29 HPs)
             Began as a Minotaur Hexslinger on July 4, 2023.
             Mangled by a gnoll
             ... wielding a +0 club
              (8 damage)
             ... on level 2 of the Dungeon.
             The game lasted 00:00:23 (798 turns).

qw the Shooter (Minotaur Hexslinger)                 Turns: 798, Time: 00:00:24

Health: -6/29      AC:  7    Str: 16    XL:     3   Next: 39%
Magic:  3/3        EV: 12    Int:  7    God:
Gold:   113        SH:  0    Dex: 13    Spells: 3/4 levels left

rFire   . . .        Y - +1 sling
rCold   . . .        (no shield)
rNeg    . . .        c - +0 robe
rPois   +            (helmet restricted)
rElec   .            g - +0 cloak
rCorr   .            (no gloves)
SInv    .            (no boots)
Will    .....        (no amulet)
Stlth   +            d - ring of poison resistance
HPRegen 0.24/turn    f - +4 ring of protection
MPRegen 0.08/turn

%: no passive effects
@: no status effects
A: horns 2, retaliatory headbutt, fangs 1, dopey 1, strong 1
a: no special abilities


You were on level 2 of the Dungeon.
You visited 1 branch of the dungeon, and saw 2 of its levels.

You collected 113 gold pieces.


Innate Abilities, Weirdness & Mutations

You have a pair of horns on your head.
You reflexively headbutt those who attack you in melee.
You have very sharp teeth.
You are dopey. (Int -2)
Your muscles are strong. (Str +4, Int/Dex -1)


   Skills:
 - Level 2.0 Fighting
 + Level 4.0 Ranged Weapons
 - Level 2.1 Dodging
 - Level 1.0 Spellcasting
 - Level 2.0 Hexes


You had 3 spell levels left.
You knew the following spells:

 Your Spells              Type           Power      Damage    Failure   Level
a - Slow                  Hex            12%        N/A       19%         1

Your spell library contained the following spells:

 Spells                   Type           Power      Damage    Failure   Level
 Inner Flame              Hex/Fire       1%         N/A       63%         3
 Portal Projectile        Hex/Tloc       2%         N/A       63%         3
 Cause Fear               Hex            1%         N/A       88%         4

Inventory:

Hand Weapons
 Y - a +1 sling (weapon)
Armour
 c - a +0 robe (worn)
 g - a +0 cloak (worn)
Jewellery
 d - a ring of poison resistance (left hand)
 f - a +4 ring of protection (right hand)
Potions
 j - a potion of berserk rage {unknown}
 k - a potion of attraction {unknown}

Dungeon Overview and Level Annotations

Branches:
Dungeon (2/15)

Altars:

Shops:
D:1 :


Message History

The sling bullet hits the gnoll but does no damage.
The gnoll is moderately wounded.
The gnoll hits you with a +0 club. x2
You shoot a sling bullet.
The sling bullet barely misses the gnoll.
The gnoll closely misses you.
A rat comes into view.
The gnoll barely misses you. You furiously retaliate!
You headbutt the gnoll! You shoot a sling bullet.
The sling bullet hits the gnoll but does no damage.
The gnoll is almost dead.
The gnoll barely misses you. The gnoll hits you with a +0 club.
You shoot a sling bullet. The sling bullet hits the gnoll.
You kill the gnoll!
The gnoll closely misses you. The gnoll barely misses you.
Your Ranged Weapons skill increases to level 4!
You shoot a sling bullet.
The sling bullet closely misses the gnoll.
The gnoll hits you but does no damage.
You shoot a sling bullet.
The sling bullet barely misses the gnoll.
The sling bullet hits the rat.
You kill the rat!
The gnoll hits you but does no damage.
You shoot a sling bullet.
The sling bullet hits the gnoll but does no damage.
The gnoll closely misses you.
You shoot a sling bullet.
The sling bullet barely misses the gnoll.
The gnoll misses you.
You shoot a sling bullet.
The sling bullet hits the gnoll but does no damage.
The gnoll hits you with a +0 club.
A gnoll comes into view. It is wielding a +0 whip.
The gnoll completely misses you.
You shoot a sling bullet.
The sling bullet barely misses the gnoll.
The gnoll shouts!
The gnoll hits you with a +0 club!
You die...

#.............#
##...########.####
#..## #.....> #..#
#...### #..#
#...%.. #..#
#...##. #..#
#...... ##..#
#.####. #@).#
........ #g#...#
###.#.###
#........# #.#
#..##.#### .... .#
#..#..# #.g#. #...
.


You could see 2 gnolls.

Vanquished Creatures
  A gnoll (D:2)
  A dart slug (D:2)
  2 endoplasms
  3 goblins
  A hobgoblin (D:2)
  5 jackals (D:1)
  4 ball pythons
  4 frilled lizards
  7 kobolds
  3 rats
31 creatures vanquished.

Notes
Turn   | Place    | Note
-------+----------+-------------------------------------------
     0 | D:1      | qw the Minotaur Hexslinger began the quest for the Orb.
     0 | D:1      | Reached XP level 1. HP: 16/16 MP: 1/1
     0 | D:1      | 0 ||| qw: Version: 0.3-a-41-g9d075ac
     0 | D:1      | 0 ||| qw: Game counter: 788
     0 | D:1      | 0 ||| qw: Melee chars always use a shield: true
     0 | D:1      | 0 ||| qw: God list: Okawaru
     0 | D:1      | 0 ||| qw: Allow faded altars: false
     0 | D:1      | 0 ||| qw: Do Orc after clearing Dungeon:15 true
     0 | D:1      | 0 ||| qw: Do second Lair branch before Depths: true
     0 | D:1      | 0 ||| qw: Lair rune preference: random
     0 | D:1      | 0 ||| qw: Goals: Normal
     0 | D:1      | 0 ||| PLANNING D:1-11
    39 | D:1      | 39 ||| FLEEEEING.
    40 | D:1      | 40 ||| FLEEEEING.
    41 | D:1      | 41 ||| FLEEEEING.
    72 | D:1      | Reached skill level 3 in Ranged Weapons
    73 | D:1      | Reached XP level 2. HP: 23/23 MP: 2/2
   192 | D:1      | Found a faded altar of an unknown god.
   274 | D:1      | Found Wetsul's Book Shop.
   509 | D:1      | 509 ||| UPGRADING to +0 cloak.
   514 | D:1      | 514 ||| UPGRADING to ring of poison resistance.
   515 | D:1      | 515 ||| UPGRADING to +4 ring of protection.
   516 | D:1      | 516 ||| READING scroll labelled ILOAHAPRISH.
   517 | D:1      | 517 ||| READING scroll labelled XIKKARCH UNURHO.
   518 | D:1      | 518 ||| DRINKING 3 bubbling purple potions.
   518 | D:1      | Gained mutation: You are vulnerable to cold. (rC-) [potion
                  | of mutation]
   518 | D:1      | Gained mutation: You expend magic power (3 MP) to
                  | strengthen your wands. [potion of mutation]
   519 | D:1      | 519 ||| DRINKING 2 potions of mutation.
   519 | D:1      | Lost mutation: You are vulnerable to cold. (rC-) [potion of
                  | mutation]
   519 | D:1      | Lost mutation: You expend magic power (3 MP) to strengthen
                  | your wands. [potion of mutation]
   519 | D:1      | Gained mutation: You are vulnerable to heat. (rF-) [potion
                  | of mutation]
   520 | D:1      | 520 ||| DRINKING potion of mutation.
   520 | D:1      | Lost mutation: You are vulnerable to heat. (rF-) [potion of
                  | mutation]
   520 | D:1      | Gained mutation: Your muscles are strong. (Str +4, Int/Dex
                  | -1) [potion of mutation]
   520 | D:1      | Gained mutation: You are dopey. (Int -2) [potion of
                  | mutation]
   520 | D:1      | Gained mutation: You have very sharp teeth. [potion of
                  | mutation]
   521 | D:1      | 521 ||| DROPPING scroll of poison.
   733 | D:2      | Reached XP level 3. HP: 29/29 MP: 3/3
   791 | D:2      | HP: 5/29 [gnoll/+0 club (6)]
   793 | D:2      | Reached skill level 4 in Ranged Weapons
   797 | D:2      | HP: 2/29 [gnoll/+0 club (5)]
   798 | D:2      | Mangled by a gnoll

Levels and vault maps discovered:
D:1:      wander_arrival_desolate, layout_rooms, serial_shops, shop,
          hellmonk_ecumenical_altar_zigzags, dk_noncrumbling_4,
          lexackson_kobold_supper
D:2:      layout_loops_ring

Skill      XL: |  1  2  3 |
---------------+----------+-----
Ranged Weapons | 3 4 |  4.0
Fighting       | 2 |  2.0
Dodging        | |  2.1
Spellcasting   | |  1.0
Hexes          | |  2.0

Action                     || total
---------------------------++-------
   Fire: Sling             ||    89
    Use: Potion            ||     3
         Scroll            ||     2
 Armour: Robe              ||     7
  Dodge: Dodged            ||    24

Table legend:
 A = Non-vault XP
 B = Vault XP
 C = Vault XP percentage of total XP
 D = Non-vault monster count
 E = Vault monster count
 F = Vault count percentage of total count
                 A         B        C        D         E       F
            +---------+---------+-------+---------+---------+-------
      Total |      54 |       9 |  14.3 |      23 |       8 |  25.8
            +---------+---------+-------+---------+---------+-------
        D:1 |      21 |       9 |  30.0 |      12 |       8 |  40.0
        D:2 |      33 |       0 |   0.0 |      11 |       0 |   0.0
            +---------+---------+-------+---------+---------+-------
